 Dungeon Crawl Stone Soup version 0.27.1-33-g824d729ab1 (webtiles) character file.

Game seed: 9929289357304688971

2121 BinkBink the Covert (level 9, -1/40 HPs)
             Began as a Spriggan Delver on Dec 7, 2021.
             Was a Plaything of Xom.
             Slain by a two-headed ogre (28 damage)
             ... on level 8 of the Dungeon.
             The game lasted 00:35:01 (11328 turns).

BinkBink the Covert (Spriggan Delver)              Turns: 11328, Time: 00:35:03

Health: -1/40      AC:  8    Str: 10    XL:     9   Next: 8%
Magic:  10/10      EV: 23    Int: 10    God:    Xom [......]
Gold:   1644       SH:  0    Dex: 27    Spells: 8/8 levels left

rFire    + + .     SeeInvis +   i - +3 rapier of Wondrous Power {vorpal, Fragile rElec Dex+8 SInv}
rCold    + + .     Faith    .   (shield restricted)
rNeg     . . .     Spirit   .   B - +1 robe {rC+ rF+}
rPois    +         Reflect  .   y - +2 hat
rElec    +         Harm     .   r - +0 cloak
rCorr    +         Rampage  .   (gloves unavailable)
Will     +....                  (boots unavailable)
Stlth    +++++++...             (no amulet)
HPRegen  0.13/turn              m - ring "Heuwotud" {Drain rF+ rCorr SInv}
MPRegen  0.12/turn              (no ring)

@: unable to read, very quick
A: very small, no large weapons, unfitting armour, see invisible, speed 3, fangs
1, iridescent scales 1, thin skeletal structure 1, cold resistance 1, dopey 1,
frail 1, poison resistance, wild magic 1, inability to read while threatened
a: Renounce Religion


You were on level 8 of the Dungeon.
You worshipped Xom.
You were a very special plaything of Xom.
You visited 2 branches of the dungeon, and saw 9 of its levels.

You collected 1644 gold pieces.

Inventory:

Hand Weapons
 i - the +3 rapier of Wondrous Power (weapon) {vorpal, Fragile rElec Dex+8 SInv}
   (You acquired it on level 4 of the Dungeon)

   It inflicts extra damage upon your enemies.
   Dex:       It affects your dexterity (+8).
   rElec:     It insulates you from electricity.
   SInv:      It lets you see invisible.
   Fragile:   It will be destroyed if unequipped.
Armour
 r - a +0 cloak (worn)
 y - a +2 hat (worn)
 B - a +1 robe of resistance (worn)
Jewellery
 m - the ring "Heuwotud" (left hand) {Drain rF+ rCorr SInv}
   (You found it on level 6 of the Dungeon)

   [ring of protection from fire]

   rF:        It protects you from fire.
   SInv:      It lets you see invisible.
   rCorr:     It protects you from acid and corrosion.
   Drain:     It drains your maximum health when unequipped.
 u - a ring of fire
 x - a ring of ice
Wands
 g - a wand of digging (3)
 k - a wand of flame (20)
 o - a wand of charming (10)
 z - a wand of polymorph (1)
Scrolls
 b - a scroll of enchant armour
 c - a scroll of fog
 d - 3 scrolls of magic mapping
 e - a scroll of fear
 h - a scroll of silence
 j - 2 scrolls of noise {unknown}
 l - 2 scrolls of blinking {unknown}
 p - 2 scrolls of enchant weapon {unknown}
 q - 3 scrolls of immolation
 s - 6 scrolls of teleportation
 v - a scroll of vulnerability
Potions
 f - 4 potions of haste
 n - a potion of heal wounds
 t - a potion of brilliance
 A - a potion of berserk rage
 C - a potion of cancellation {unknown}
 D - a potion of magic {unknown}


   Skills:
 + Level 3.9 Fighting
 + Level 7.6 Short Blades
 + Level 6.3 Dodging
 + Level 11.8 Stealth
 * Level 6.5 Evocations


You had 8 spell levels left.
You didn't know any spells.
Your spell library contained the following spells:

 Spells                   Type           Power      Damage    Failure   Level
 Pain                     Necr           0%         1d4       45%         1
 Summon Small Mammal      Summ           0%         N/A       45%         1
 Call Canine Familiar     Summ           0%         N/A       82%         3
 Summon Guardian Golem    Hex/Summ       0%         N/A       82%         3
 Fulminant Prism          Conj/Hex       0%         3d6       99%         4
 Iskenderun's Mystic Bla  Conj/Tloc      0%         2d3       99%         4
 Agony                    Necr           0%         N/A       100%        5
 Excruciating Wounds      Necr           0%         N/A       100%        5
 Lee's Rapid Deconstruct  Erth           0%         3d5*      100%        5


Dungeon Overview and Level Annotations

Branches:
Dungeon (8/15)             Temple (1/1) D:4
   Lair: D:8-11

Altars:
Ashenzari
Cheibriados
Dithmenos
Elyvilon
Fedhas
Gozag
Hepliaklqana
Kikubaaqudgha
Makhleb
Nemelex Xobeh
Okawaru
Qazlal
Ru
Sif Muna
Trog
Uskayaw
Vehumet
Wu Jian
Xom
Yredelemnul
Zin
The Shining One


Innate Abilities, Weirdness & Mutations

You are very small and have problems with some larger weapons.
You are too small for most types of armour.
You have supernaturally acute eyesight. (SInv)
You cover ground extremely quickly. (Speed+++)
You have very sharp teeth.
You are partially covered in iridescent scales. (AC +2)
You have a somewhat thin skeletal structure. (Dex +2, Stealth+)
Your flesh is cold resistant. (rC+)
You are dopey. (Int -2)
You are frail. (-10% HP)
Your system is resistant to poisons. (rPois)
Your spells are a little harder to cast, but a little more powerful.
You sometimes lose the ability to read scrolls when taking damage.


Message History

The two-headed ogre is lightly wounded.
You puncture the two-headed ogre!
You bite the two-headed ogre, but do no damage.
The two-headed ogre is moderately wounded.
The two-headed ogre closely misses you. x2
You puncture the two-headed ogre!
The two-headed ogre is heavily wounded.
The two-headed ogre hits you with a +0 giant club!
The two-headed ogre hits you with a +0 giant spiked club.
The electric eel shoots out a bolt of lightning at you!
The bolt of electricity hits you. You resist.
You feel much better.
The electric eel shoots out a bolt of lightning at you!
The bolt of electricity misses you.
You barely miss the electric eel.
The two-headed ogre hits you with a +0 giant club!
The two-headed ogre misses you.
You puncture the electric eel! You bite the electric eel.
The electric eel is heavily wounded.
The two-headed ogre barely misses you. The two-headed ogre misses you.
You puncture the electric eel!
You kill the electric eel!
You puncture the two-headed ogre!
The two-headed ogre is severely wounded.
The two-headed ogre misses you. The two-headed ogre barely misses you.
You hit the two-headed ogre.
The two-headed ogre is severely wounded. "Have a taste of chaos, mortal."
The two-headed ogre's +0 giant club erupts in a glittering mayhem of colour.
The two-headed ogre misses you. x2
You hit the two-headed ogre but do no damage.
Your bite misses the two-headed ogre.
The two-headed ogre is severely wounded.
You puncture the two-headed ogre!
The two-headed ogre is almost dead.
The two-headed ogre hits you with a +0 giant club of chaos!!
You feel threatened and lose the ability to read scrolls!
Ouch! That really hurt!
You die...
Xom howls with laughter!

.............#...........
##############.##.......#
.... ..................
###.##########.##....(...
#........... #.##........
[.......####+#.##........
P....<..#.......#........
≈≈≈≈.....................
≈P≈≈....≈P...≈≈P@.≈P..###
≈≈≈≈≈≈≈P≈≈≈≈P≈≈≈PO.####
≈≈≈≈≈≈≈≈≈≈≈≈≈≈P≈≈≈≈≈≈#
≈≈≈≈≈≈≈P≈≈≈≈≈≈≈≈≈≈≈≈≈≈≈≈≈
.≈≈.≈.≈≈$.≈≈≈≈≈≈≈≈≈≈≈≈≈≈#
..P≈.Y...≈..≈.≈...#######
........... ######.### #.


You could see a two-headed ogre.

Vanquished Creatures
  Sigmund (D:3)
  2 steam dragons (D:7)
  A water moccasin (D:7)
  A sky beast (D:6)
  A black bear (D:5)
  3 orc warriors
  A bullfrog (D:7)
  A howler monkey (D:7)
  2 electric eels (D:8)
  A bullfrog zombie (D:6)
  3 hounds
  2 centaur skeletons
  7 orc priests
  2 bullfrog skeletons (D:6)
  2 iguanas
  Natasha (twice) (D:4)
  Terence (D:2)
  Ijyb (D:3)
  6 orc wizards
  Robin (D:4)
  3 adders
  A worm (D:2)
  3 dart slugs
  26 orcs
  8 endoplasms
  A giant cockroach (D:1)
  8 goblins
  4 hobgoblins
  2 quokkas
  4 ball pythons
  6 bats (D:1)
  3 frilled lizards
  7 kobolds
  7 rats
124 creatures vanquished.

Vanquished Creatures (collateral kills)
  An ogre (D:5)
  An orc priest (D:6)
  A hound skeleton (D:5)
  2 goblins (D:4)
5 creatures vanquished.

Vanquished Creatures (others)
  A sky beast (D:7)
  A centaur (D:7)
  A plant (D:8)
3 creatures vanquished.

Grand Total: 132 creatures vanquished

Notes
Turn   | Place    | Note
-------+----------+-------------------------------------------
     0 | D:5      | BinkBink the Spriggan Delver began the quest for the Orb.
     0 | D:5      | Reached XP level 1. HP: 11/11 MP: 2/2
    67 | D:5      | Noticed a hound
    70 | D:5      | Killed a hound
    71 | D:5      | Reached skill level 8 in Stealth
    71 | D:5      | Reached XP level 2. HP: 16/16 MP: 3/3
    71 | D:5      | Reached XP level 3. HP: 19/19 MP: 4/4
   184 | D:5      | Noticed a black bear
   346 | D:4      | Found a snail-covered altar of Cheibriados.
  1293 | D:1      | Reached skill level 1 in Evocations
  1409 | D:2      | Noticed Terence
  1785 | D:2      | Found a blossoming altar of Fedhas.
  2459 | D:2      | Reached XP level 4. HP: 19/23 MP: 5/5
  2737 | D:3      | Found an ornate altar of the Wu Jian Council.
  2759 | D:3      | Noticed Ijyb
  2914 | D:3      | Found a hide-covered altar of Uskayaw.
  3110 | D:4      | Found a staircase to the Ecumenical Temple.
  3118 | Temple   | Entered the Ecumenical Temple
  3451 | Temple   | Became a worshipper of Xom of Chaos
  3523 | D:4      | XOM: silly message
  3582 | D:4      | XOM: silly message
  3618 | D:5      | XOM: silly message
  3775 | D:5      | XOM: cloud trail
  3824 | D:5      | Noticed an ogre
  3859 | D:5      | XOM: god gift: emerald potion {god gift}
  3870 | D:5      | XOM: confusion (+ monsters)
  3881 | D:5      | Killed an ogre
  3882 | D:5      | Reached XP level 5. HP: 28/28 MP: 6/6
  3920 | D:5      | XOM: summons 3 hostile demons
  3947 | D:5      | Gained mutation: You have very sharp teeth. [mutagenic
                  | glow]
  3968 | D:5      | XOM: summons 2 hostile shadow creatures
  4162 | D:5      | XOM: noise
  4279 | D:6      | Reached skill level 9 in Stealth
  4397 | D:6      | XOM: scenery: summon butterflies
  4441 | D:6      | Found a shadowy altar of Dithmenos.
  4442 | D:6      | Identified the ring "Heuwotud" {Drain rF+ rCorr SInv}
  4639 | D:6      | XOM: give mutations
  4639 | D:6      | Gained mutation: Your system is resistant to poisons.
                  | (rPois) [Xom's grace]
  4639 | D:6      | Gained mutation: You are partially covered in iridescent
                  | scales. (AC +2) [Xom's grace]
  4639 | D:6      | Gained mutation: Your flesh is cold resistant. (rC+) [Xom's
                  | grace]
  4644 | D:6      | Reached XP level 6. HP: 32/32 MP: 7/7
  4813 | D:6      | XOM: god gift: 1239 gold pieces
  4927 | D:6      | Noticed a sky beast
  4930 | D:6      | Killed a sky beast
  5417 | D:6      | XOM: give mutations
  5417 | D:6      | Gained mutation: You possess an exceptional clarity of
                  | mind. [Xom's grace]
  5417 | D:6      | Gained mutation: You have a somewhat thin skeletal
                  | structure. (Dex +2, Stealth+) [Xom's grace]
  5417 | D:6      | Gained mutation: You are mostly covered in iridescent
                  | scales. (AC +4) [Xom's grace]
  5626 | D:6      | XOM: fog
  5633 | D:6      | XOM: summons 6 friendly demons
  5634 | D:6      | XOM: smoke on damage
  5927 | D:6      | XOM: 2-stop teleportation journey
  6055 | D:6      | XOM: god gift: 25 stones
  6134 | D:6      | XOM: confuse monster(s)
  6138 | D:6      | Reached XP level 7. HP: 36/36 MP: 8/8
  6180 | D:6      | XOM: butterfly on damage
  6183 | D:6      | Reached skill level 5 in Short Blades
  6195 | D:6      | XOM is BORED!
  6195 | D:6      | XOM: polymorph butterfly -> swamp drake
  6396 | D:5      | XOM: noise
  6517 | D:4      | XOM: silly message
  6725 | D:4      | XOM: noise
  6732 | D:4      | XOM: potion effect (heal wounds)
  6796 | D:4      | Identified a scroll of acquirement
  6796 | D:4      | Acquired the +3 rapier of Wondrous Power {vorpal, Fragile
                  | rElec Dex+8 SInv}
  6804 | D:4      | XOM: divination: detect creatures
  6836 | D:4      | XOM: silly message
  6853 | D:5      | XOM: enchant monster (bad)
  7035 | D:5      | XOM: potion effect (might)
  7039 | D:5      | Reached skill level 5 in Dodging
  7128 | D:4      | Noticed Natasha
  7137 | D:4      | Killed Natasha
  7380 | D:4      | XOM: fake destruction
  7405 | D:4      | Noticed Robin
  7420 | D:4      | Noticed Natasha
  7647 | D:4      | XOM: stat loss: -1 Str (9/10)
  7654 | D:4      | XOM: fake destruction
  7658 | D:4      | Killed Natasha
  7703 | D:4      | XOM: god gift: 23 gold pieces
  7804 | D:4      | XOM: divination: detect creatures
  7806 | D:4      | XOM: summons 7 friendly demons
  7940 | D:4      | Killed Robin
  7941 | D:4      | XOM: fake destruction
  7948 | D:4      | XOM: butterfly on damage
  8151 | D:4      | Reached skill level 10 in Stealth
  8182 | D:4      | XOM: give mutations
  8182 | D:4      | Gained mutation: Your spells are a little harder to cast,
                  | but a little more powerful. [Xom's mischief]
  8182 | D:4      | Lost mutation: You are mostly covered in iridescent scales.
                  | (AC +4) [Xom's mischief]
  8182 | D:4      | Lost mutation: You possess an exceptional clarity of mind.
                  | [Xom's mischief]
  8182 | D:4      | Gained mutation: You sometimes lose the ability to read
                  | scrolls when taking damage. [Xom's mischief]
  8361 | D:2      | Killed Terence
  8362 | D:2      | Reached XP level 8. HP: 40/40 MP: 9/9
  8791 | D:3      | XOM: stat loss: -1 Dex (25/26)
  8859 | D:3      | Killed Ijyb
  8860 | D:3      | Reached skill level 5 in Evocations
  9135 | D:3      | XOM: draining
  9203 | D:3      | Noticed Sigmund
  9220 | D:3      | XOM: torment (13/33 hp)
  9482 | D:3      | Killed Sigmund
  9760 | D:7      | XOM: 1-stop teleportation journey
  9809 | D:7      | XOM: 1-stop teleportation journey
  9812 | D:7      | Reached skill level 11 in Stealth
  9815 | D:7      | XOM: blink monster(s)
 10063 | D:7      | XOM: give mutations
 10063 | D:7      | Gained mutation: You are frail. (-10% HP) [Xom's mischief]
 10063 | D:7      | Gained mutation: Armour fits poorly on your strangely
                  | shaped body. [Xom's mischief]
 10063 | D:7      | Gained mutation: You are dopey. (Int -2) [Xom's mischief]
 10063 | D:7      | Lost mutation: Armour fits poorly on your strangely shaped
                  | body. [Xom's mischief]
 10174 | D:7      | XOM: torment (20/37 hp)
 10340 | D:7      | XOM: smoke on damage
 10642 | D:7      | Found a radiant altar of Vehumet.
 10736 | D:7      | XOM is BORED!
 10959 | D:8      | Identified the +0 leather armour "Fynall" {Str+4 Int+2}
 11135 | D:8      | Reached XP level 9. HP: 40/40 MP: 10/10
 11306 | D:8      | Noticed a two-headed ogre
 11326 | D:8      | XOM: chaos upgrade
 11328 | D:8      | Slain by a two-headed ogre

Illustrated notes

Levels and vault maps discovered:
D:1:      dpeg_arrival_stone_temple_mockup, layout_loops_ring,
          kennysheep_small_spiral
D:2:      layout_loops_cross, basic_altar, uniq_terence
D:3:      layout_basic, nicolae_wu_jian_wuxing_cycle,
          lemuel_coloured_pillars_altar, chequers_jeans, minmay_splitting_lines,
          uniq_sigmund, uniq_ijyb
D:4:      layout_basic, mainiacjoe_overflow_tiny_flanked,
          minmay_temple_entry_mini_moons, uniq_robin, uniq_natasha
D:5:      layout_basic
D:6:      layout_basic, nicolae_dithmenos_shadow_blocks
D:7:      layout_loops_cross, fiery_altar_vehumet
D:8:      layout_basic, chequers_big_river, minmay_misc_feat_rugged,
          hangedman_abyss_or_decor_lesser_grid
Temple:   minmay_crystal_spiral_temple

Skill      XL: |  1  2  3  4  5  6  7  8 |
---------------+-------------------------+-----
Stealth        | 8 9 10 11 | 11.8
Evocations     | 1 2 3 4 6 |  6.5
Dodging        | 3 4 5 6 |  6.3
Short Blades   | 3 4 6 7 |  7.6
Fighting       | 3 |  3.9

Action                   |  1- 3 |  4- 6 |  7- 9 || total
-------------------------+-------+-------+-------++-------
Melee: Short sword       |    96 |   159 |    82 ||   337
       Bite              |       |    13 |    33 ||    46
       Rapier            |       |       |   222 ||   222
Evoke: Wand              |     2 |       |       ||     2
  Use: Scroll            |       |     4 |     8 ||    12
       Potion            |       |     3 |     6 ||     9
 Stab: Sleeping          |    15 |     9 |    18 ||    42
       Distracted        |       |     2 |     6 ||     8
       Confused          |       |     1 |       ||     1
Armor: Robe              |     7 |    13 |    24 ||    44
       Skin              |       |       |    11 ||    11
Dodge: Dodged            |    72 |   122 |   201 ||   395
